 Dungeon Crawl Stone Soup version 0.20.2-3-g29329e0561 (webtiles) character file.

569 Alfie the Shield-Bearer (level 7, 0/60 HPs)
             Began as a Hill Orc Fighter on Mar 13, 2024.
             Succumbed to a scorpion's poison
             ... on level 4 of the Dungeon.
             The game lasted 00:05:11 (2318 turns).

Alfie the Shield-Bearer (Hill Orc Fighter)          Turns: 2318, Time: 00:05:12

Health: 0/60       AC:  8    Str: 21    XL:     7   Next: 33%
Magic:  7/7        EV:  8    Int:  8    God:
Gold:   169        SH:  9    Dex:  8    Spells: 6/6 levels left

rFire    . . .     SeeInvis .   a - +0 rapier
rCold    . . .     Gourm    .   c - +0 shield
rNeg     . . .     Faith    .   b - +0 scale mail
rPois    .         Spirit   .   p - +0 helmet
rElec    .         Reflect  .   (no cloak)
rCorr    .         Harm     .   (no gloves)
MR       .....     Clarity  +   (no boots)
Stlth    ..........             (no amulet)
Regen    0.2/turn               (no ring)
MPRegen  0.1/turn               (no ring)

@: lethally poisoned (0 -> -6)
A: blurry vision 1, clarity, clumsy 1
a: no special abilities


You were on level 4 of the Dungeon.
You were not hungry.

You visited 1 branch of the dungeon, and saw 4 of its levels.

You collected 169 gold pieces.

Inventory:

Hand Weapons
 a - a +0 rapier (weapon)
Armour
 b - a +0 scale mail (worn)
 c - a +0 shield (worn)
 p - a +0 helmet (worn)
Jewellery
 q - a cursed ring of teleportation {unknown}
 s - a cursed amulet of inaccuracy {unknown}
 t - a cursed ring of loudness {unknown}
Scrolls
 g - 4 scrolls of teleportation {unknown}
 h - 8 scrolls of identify {unknown}
 j - 2 scrolls of immolation {unknown}
 k - a scroll of enchant armour {unknown}
 l - a scroll of noise {unknown}
 n - 4 scrolls of remove curse {unknown}
 r - a scroll of fog {unknown}
Potions
 d - a potion of brilliance {unknown}
 e - 2 potions of flight {unknown}
 m - a potion of magic {unknown}
 o - a potion of mutation
 u - 2 potions of curing {unknown}
Comestibles
 f - a bread ration
 i - a meat ration


   Skills:
 + Level 4.8 Fighting
 + Level 4.8 Short Blades
 + Level 4.7 Armour
 + Level 1.8 Dodging
 + Level 0.6 Stealth
 + Level 5.0 Shields


You had 6 spell levels left.
You didn't know any spells.

Dungeon Overview and Level Annotations

Branches:
Dungeon (4/15)
 Temple: D:4-7

Altars:


Innate Abilities, Weirdness & Mutations

Scrolls take you a little longer to read.
You possess an exceptional clarity of mind.
You are clumsy. (Dex -2)


Message History

You hit the scorpion but do no damage.
The scorpion is moderately wounded.
The scorpion stings you but does no damage.
You hit the scorpion.
The scorpion is severely wounded.
The scorpion stings you.
* * * LOW HITPOINT WARNING * * *
You are poisoned.
The scorpion poisons you!
You hit the scorpion.
The scorpion is almost dead.
You feel sick. The scorpion stings you!
* * * LOW HITPOINT WARNING * * *
You barely miss the scorpion.
The scorpion is almost dead.
* * * LOW HITPOINT WARNING * * *
You feel sick. You block the scorpion's attack.
You barely miss the scorpion.
The scorpion is almost dead.
You die...

###### ...... ### ######
.... .######+#######
$.?..
.##...........####...$..
..'.†...........@s......
.##............###%.....
.##............# .....
.##............# ....
.##............# ...
###...........## ##
.######+##+#### .#
.#######


You could see a scorpion.

Vanquished Creatures
  The ghost of Alfie the Skirmisher, an amateur HOFi (D:4)
  The ghost of Alfie the Skirmisher, an amateur HOFi (D:3)
  An ogre (D:4)
  An orc wizard (D:3)
  An iguana (D:3)
  3 adders
  2 oozes (D:2)
  A worm (D:2)
  3 dart slugs (D:1)
  5 leopard geckos
  5 orcs
  4 giant cockroaches
  7 goblins
  10 hobgoblins
  5 jackals (D:1)
  A quokka (D:3)
  A ball python (D:4)
  7 bats
  6 frilled lizards
  5 kobolds
  3 rats (D:1)
73 creatures vanquished.

Vanquished Creatures (others)
  A plant (D:1)
1 creature vanquished.

Grand Total: 74 creatures vanquished

Notes
Turn   | Place    | Note
-------+----------+-------------------------------------------
     0 | D:1      | Alfie the Hill Orc Fighter began the quest for the Orb.
     0 | D:1      | Reached XP level 1. HP: 19/19 MP: 1/1
    37 | D:1      | Reached XP level 2. HP: 23/27 MP: 2/2
   192 | D:1      | Reached XP level 3. HP: 18/33 MP: 3/3
   788 | D:2      | Reached skill level 4 in Shields
   813 | D:2      | Reached XP level 4. HP: 13/40 MP: 4/4
  1772 | D:3      | Reached XP level 5. HP: 12/46 MP: 5/5
  1773 | D:3      | Gained mutation: Scrolls take you a little longer to read. [potion of mutation]
  1773 | D:3      | Gained mutation: You are clumsy. (Dex -2) [potion of mutation]
  1773 | D:3      | Gained mutation: You possess an exceptional clarity of mind. [potion of mutation]
  1824 | D:3      | Noticed Alfie's ghost (amateur HOFi)
  1833 | D:3      | Killed Alfie's ghost
  1833 | D:3      | Reached skill level 1 in Dodging
  1869 | D:3      | Reached XP level 6. HP: 6/53 MP: 6/6
  2237 | D:4      | Noticed Alfie's ghost (amateur HOFi)
  2265 | D:4      | Killed Alfie's ghost
  2265 | D:4      | Reached skill level 5 in Shields
  2265 | D:4      | Reached XP level 7. HP: 14/60 MP: 7/7
  2316 | D:4      | HP: 2/60 [scorpion (8)]
  2318 | D:4      | Succumbed to a scorpion's poison

Skill      XL: |  1  2  3  4  5  6 |
---------------+-------------------+-----
Fighting       | 4 |  4.8
Shields        | 4 5 |  5.0
Short Blades   | 3 4 |  4.8
Armour         | 4 |  4.7
Dodging        | 1 |  1.8
Stealth        | |  0.6

Action                   |  1- 3 |  4- 6 |  7- 9 || total
-------------------------+-------+-------+-------++-------
Melee: Rapier            |   112 |   152 |    18 ||   282
  Use: Potion            |       |     2 |       ||     2
  Eat: Royal jelly       |       |     2 |       ||     2
       Bread ration      |       |       |     1 ||     1
Armor: Scale mail        |    84 |    54 |     5 ||   143
Dodge: Dodged            |    56 |    54 |     2 ||   112
Block: Shield            |    79 |    70 |     5 ||   154
